 Dungeon Crawl Stone Soup version 0.32-a0-859-gb0a091d592 (webtiles) character file.

Game seed: 16815049418667942160

12424 lobsterkj the Cleaver (level 11, -3/97 HPs)
             Began as a Green Draconian Berserker on Mar 27, 2024.
             Was a High Priest of Trog.
             Slain by a yak (12 damage)
             ... on level 2 of the Lair of Beasts.
             The game lasted 00:31:29 (10359 turns).

lobsterkj the Cleaver (Green Draconian Berserker)  Turns: 10359, Time: 00:31:29

Health: -3/97      AC:  8    Str: 21    XL:     11   Next: 62%
Magic:  11/11      EV: 15    Int:  5    God:    Trog [*****.]
Gold:   434        SH:  0    Dex: 14    Spells: 10/10 levels left

rFire   + . .        g - +10 hand axe of Cataclysm {venom, rPois}
rCold   x . .        (no shield)
rNeg    . . .        (body armour unavailable)
rPois   +            (helmet restricted)
rElec   .            b - +0 cloak
rCorr   .            (no gloves)
SInv    +            (no boots)
Will    .....        (no amulet)
Stlth   +++          q - ring of see invisible
HPRegen 0.36/turn    l - ring of fire
MPRegen 0.12/turn

%: no passive effects
@: no status effects
A: noxious breath, AC +7, unfitting armour, poison resistance, cold-blooded,
horns 1, talons 1, dopey 1, screaming 1
a: Noxious Breath, Renounce Religion, Berserk, Trog's Hand, Brothers in Arms


You were on level 2 of the Lair of Beasts.
You worshipped Trog.
Trog was extremely pleased with you.
You visited 3 branches of the dungeon, and saw 12 of its levels.

You collected 564 gold pieces.
You spent 130 gold pieces at shops.

Inventory:

Hand Weapons
 a - a +0 mace
 g - the +10 hand axe of Cataclysm (weapon) {venom, rPois}
   (You found it on level 2 of the Dungeon)

   rPois:     It protects you from poison.
 o - a +0 short sword of flaming
 s - a +0 scythe
 B - a +0 vampiric battleaxe
 F - a +2 war axe
Missiles
 e - 24 poisoned darts (quivered)
 n - 3 atropa-tipped darts
 u - 5 boomerangs
 E - 5 silver javelins
 H - 2 throwing nets
Armour
 b - a +0 cloak (worn)
Jewellery
 l - a ring of fire (right hand)
 q - a ring of see invisible (left hand)
 M - an amulet of magic regeneration
Talismans
 d - a beast talisman
 x - the beast talisman of the Furrier {MP+9 Dex+5}
   (You found it on level 6 of the Dungeon)

   [beast talisman]

   Dex+5:     It affects your dexterity (+5).
   MP+9:      It affects your magic capacity (+9).
 D - a blade talisman
Wands
 m - a wand of charming (18)
 r - a wand of polymorph (19)
 t - a wand of light (6)
 G - a wand of flame (31)
 I - a wand of mindburst (10)
 N - a wand of digging (4)
Scrolls
 f - 13 scrolls of teleportation
 p - a scroll of amnesia {unknown}
 v - 2 scrolls of vulnerability
 y - 3 scrolls of immolation
 z - a scroll of fog
 A - 2 scrolls of brand weapon {unknown}
 J - a scroll of noise {unknown}
 K - 3 scrolls of identify
Potions
 c - 2 potions of enlightenment {unknown}
 h - 10 potions of curing
 i - a potion of attraction {unknown}
 j - a potion of might
 k - 3 potions of heal wounds
 w - 2 potions of brilliance {unknown}
 C - a potion of ambrosia {unknown}
 L - a potion of haste {unknown}


   Skills:
 + Level 9.5 Fighting
 + Level 11.8(12.2) Axes
 + Level 5.1(9.2) Maces & Flails
 + Level 3.4 Throwing
 + Level 8.8 Dodging
 + Level 5.6 Stealth


You had 10 spell levels left.
You didn't know any spells.
Your spell library was empty.

Dungeon Overview and Level Annotations

Branches:
Dungeon (9/15)             Temple (1/1) D:6            Lair (2/5) D:9
  Swamp: Lair:2-3    Shoals: Lair:2-3     Snake: Lair:2-3    Spider: Lair:2-3
    Orc: D:9-12

Altars:
Ashenzari
Cheibriados
Dithmenos
Elyvilon
Fedhas
Gozag
Hepliaklqana
Kikubaaqudgha
Makhleb
Nemelex Xobeh
Okawaru
Qazlal
Ru
Trog
Uskayaw
Vehumet
Wu Jian
Xom
Yredelemnul
Zin
The Shining One

Shops:
D:5 =   D:6 !


Innate Abilities, Weirdness & Mutations

You can breathe blasts of noxious fumes.
Your lurid green scales are hard. (AC +7)
You cannot fit into any form of body armour.
Your system is resistant to poisons. (rPois)
You are cold-blooded and may be slowed by cold attacks.
You have a pair of small horns on your head.
You have sharp toenails.
You are dopey. (Int -2)
You occasionally shout uncontrollably at your foes.


Message History

The yak looks as sick as possible!
The yak gores you.
You slash the yak! Your kick misses the yak. You headbutt the yak.
Your tail-slap misses the yak.
The yak is moderately wounded.
You slash the yak!
The yak is poisoned.
You hit the yak.
The yak looks as sick as possible!
The yak closely misses you.
You hit the yak.
The yak is poisoned.
You tail-slap the yak.
The yak is moderately wounded.
You barely miss the yak. You hit the yak. The yak completely misses you.
The yak gores you!
* * * LOW HITPOINT WARNING * * *
You hit the yak.
The yak looks as sick as possible!
You claw the yak. You headbutt the yak! You tail-slap the yak.
The yak is almost dead.
You hit the yak.
The yak looks as sick as possible!
You hit the yak.
The yak is poisoned.
You barely miss the yak. x2; The yak gores you!
* * * LOW HITPOINT WARNING * * *
The yak closely misses you. The yak gores you!
* * * LOW HITPOINT WARNING * * *
The yak closely misses you.
You feel much better. The yak closely misses you. The yak gores you!
* * * LOW HITPOINT WARNING * * *
The yak gores you.
* * * LOW HITPOINT WARNING * * *
The yak gores you.
* * * LOW HITPOINT WARNING * * *
The yak gores you.
* * * LOW HITPOINT WARNING * * *
You slash the yak!
You kill the yak!
Trog accepts your kill.
You hit the yak.
The yak looks as sick as possible!
You slash the yak! x2
The yak looks as sick as possible!
You slash the yak!
The yak looks as sick as possible!
A rime drake comes into view.
Your two-headed ogre goes berserk!
You kill the yak!
Trog accepts your kill. The yak barely misses you.
The yak completely misses you. The yak gores you!
You die...

... .......##.. ...#
...........#..### #<.⌠##
.#..##.....##...##.....#
..................#....#
...................#...
....[....Y..........#
.................YO..##
...............†@Y....#
#.+.#.>.....[...YY.....#
##..#P..........F....<..#
#...##......#.###...#....
#....#......### ..#......
....#†.......# .......k.
#....#....>..............
....#........#......#...
#...........##.....


You could see 5 yaks, a rime drake (wandering), a bullfrog and a friendly
two-headed ogre (summoned, berserk).

Vanquished Creatures
  3 two-headed ogres
  Pikel (D:5)
  4 elephants (Lair:1)
  2 black mambas
  2 cane toads
  A rime drake (Lair:1)
  A komodo dragon (D:9)
  Prince Ribbit (D:7)
  A hornet (D:9)
  Sigmund (D:5)
  A wraith (D:9)
  The ghost of HilariousDeathArtist the Trooper, an amateur MDMo of Yredelemnul (D:3)
  13 yaks
  3 wyverns
  2 shadows (D:9)
  A steam dragon (D:9)
  3 water moccasins
  An ice beast (D:7)
  3 black bears
  3 centaurs
  A phantom (D:5)
  2 kobold brigands (D:8)
  A lemure (D:5)
  Blork the orc (D:4)
  13 bullfrogs
  2 scorpions (D:9)
  A gnoll sergeant (D:4)
  10 wights
  An electric eel (Lair:1)
  A bombardier beetle (D:6)
  An orc priest (D:8)
  3 jellies
  A gnoll bouda (D:8)
  2 hounds (D:6)
  2 sleepcaps
  Ijyb (D:3)
  Natasha (thrice) (D:2)
  7 orc wizards
  4 iguanas
  8 gnolls
  4 adders
  2 shadow imps
  2 white imps
  2 ufetubi (D:5)
  3 dart slugs
  A ribbon worm (D:2)
  27 orcs
  5 endoplasms
  6 giant cockroaches
  10 goblins
  9 hobgoblins
  5 jackals
  10 kobolds
  3 quokkas (D:2)
  9 ball pythons
  10 bats
  4 frilled lizards
  2 rats
  A spectral hobgoblin (D:5)
228 creatures vanquished.

Notes
Turn   | Place    | Note
-------+----------+-------------------------------------------
     0 | D:1      | lobsterkj the Draconian Berserker began the quest for the
                  | Orb.
     0 | D:1      | Reached XP level 1. HP: 19/19 MP: 1/1
    55 | D:1      | Reached XP level 2. HP: 26/26 MP: 2/2
   129 | D:1      | Gained mutation: You are dopey. (Int -2) [potion of
                  | mutation]
   129 | D:1      | Gained mutation: You occasionally shout uncontrollably at
                  | your foes. [potion of mutation]
   129 | D:1      | Gained mutation: You have a pair of small horns on your
                  | head. [potion of mutation]
   129 | D:1      | Gained mutation: You have sharp toenails. [potion of
                  | mutation]
   459 | D:1      | Reached XP level 3. HP: 28/33 MP: 3/3
   479 | D:1      | Reached ** piety under Trog
  1276 | D:2      | Reached XP level 4. HP: 40/40 MP: 4/4
  1391 | D:2      | Noticed Natasha
  1409 | D:2      | Killed Natasha
  1586 | D:2      | Noticed Natasha
  1593 | D:2      | Killed Natasha
  1924 | D:2      | Identified the +10 hand axe of Cataclysm {venom, rPois}
  1968 | D:2      | Noticed Natasha
  1975 | D:2      | Killed Natasha
  1976 | D:2      | Reached XP level 5. HP: 43/46 MP: 5/5
  2108 | D:3      | Found a snail-covered altar of Cheibriados.
  2231 | D:3      | Reached *** piety under Trog
  2237 | D:3      | Found a faded altar of an unknown god.
  2282 | D:3      | Noticed Ijyb
  2284 | D:3      | Found a large runed translucent door.
  2285 | D:3      | Found a large runed translucent door.
  2295 | D:3      | Killed Ijyb
  2296 | D:3      | Noticed HilariousDeathArtist's ghost (amateur MDMo)
  2448 | D:3      | Killed HilariousDeathArtist's ghost
  2449 | D:3      | Reached skill level 1 in Axes
  2449 | D:3      | Reached XP level 6. HP: 36/52 MP: 6/6
  2815 | D:4      | Reached skill level 1 in Throwing
  2817 | D:4      | Reached skill level 5 in Maces & Flails
  2978 | D:4      | Found a sparkling altar of Nemelex Xobeh.
  3012 | D:4      | Found a glowing silver altar of Zin.
  3012 | D:4      | Found an iron altar of Okawaru.
  3131 | D:4      | Noticed Blork the orc
  3139 | D:4      | Killed Blork the orc
  3140 | D:4      | Reached skill level 2 in Axes
  3140 | D:4      | Reached skill level 1 in Stealth
  3140 | D:4      | Your scales start taking on a lurid green colour.
  3140 | D:4      | Reached XP level 7. HP: 51/60 MP: 7/7
  3140 | D:4      | Gained mutation: Your system is resistant to poisons.
                  | (rPois) [Green Draconian growth]
  3377 | D:5      | Entered Level 5 of the Dungeon
  3380 | D:5      | Noticed Pikel
  3391 | D:5      | Killed Pikel
  3392 | D:5      | Reached skill level 5 in Fighting
  3392 | D:5      | Reached skill level 4 in Axes
  3392 | D:5      | Reached skill level 5 in Dodging
  3443 | D:5      | Noticed Sigmund
  3493 | D:5      | Killed Sigmund
  3494 | D:5      | Reached XP level 8. HP: 50/68 MP: 8/8
  3765 | D:5      | Reached skill level 5 in Axes
  3824 | D:5      | Found Okix's Jewellery Boutique.
  4047 | D:5      | Found a hazy altar of Hepliaklqana.
  4411 | D:6      | Found a staircase to the Ecumenical Temple.
  4439 | D:6      | Noticed a two-headed ogre
  4449 | D:6      | Killed a two-headed ogre
  4450 | D:6      | Reached skill level 6 in Axes
  4450 | D:6      | Reached XP level 9. HP: 31/75 MP: 9/9
  4801 | D:6      | Identified the beast talisman of the Furrier {MP+9 Dex+5}
  4926 | Temple   | Entered the Ecumenical Temple
  5012 | D:6      | Reached skill level 7 in Axes
  5041 | D:6      | Found Cenyfi's Distillery.
  5050 | D:6      | Bought 2 potions of heal wounds for 130 gold pieces
  5382 | D:7      | Found a blossoming altar of Fedhas.
  5466 | D:7      | Noticed Prince Ribbit
  5475 | D:7      | Killed Prince Ribbit
  5520 | D:7      | Reached **** piety under Trog
  5598 | D:7      | Reached skill level 8 in Axes
  6378 | D:8      | Reached XP level 10. HP: 43/85 MP: 10/10
  6641 | D:8      | Reached skill level 9 in Axes
  6707 | D:8      | Found a flagged portal.
  7023 | D:8      | Reached ***** piety under Trog
  7711 | D:9      | Noticed a two-headed ogre
  7716 | D:9      | Reached skill level 10 in Axes
  7743 | D:9      | Killed a two-headed ogre
  7857 | D:9      | Reached skill level 5 in Stealth
  8048 | D:9      | Noticed a two-headed ogre
  8061 | D:9      | Killed a two-headed ogre
  8431 | D:9      | Found a staircase to the Lair.
  8438 | D:9      | Reached XP level 11. HP: 64/95 MP: 11/11
  8996 | Lair:1   | Entered Level 1 of the Lair of Beasts
  9348 | Lair:1   | Reached skill level 11 in Axes
 10356 | Lair:2   | HP: 3/97 [yak (8)]
 10359 | Lair:2   | Slain by a yak

Illustrated notes

Levels and vault maps discovered:
D:1:      dpeg_arrival_shelter, layout_basic, minmay_3d_cube
D:2:      layout_basic, st_stairs_13, kennysheep_crisscross, uniq_natasha
D:3:      layout_rooms, cheibriados_altar_1, ebering_ghost_disaster_area,
          chequers_ecumenical_altar_simple, uniq_ijyb
D:4:      layout_rooms, lemuel_tele_altar, mainiacjoe_overflow_divided_tiny,
          uniq_blork_the_orc
D:5:      layout_loops_cross, nicolae_hepliaklqana_monster_ancestors,
          serial_shops, shop, bh_walls_and_bars, uniq_pikel, uniq_sigmund
D:6:      layout_gridville, temple_pool_b, serial_shops,
          nicolae_shop_tiny_statue_garden
D:7:      layout_basic, fedhas_altar_3, minivault_5, uniq_prince_ribbit1
D:8:      minmay_razor_zed, layout_basic, enter_bailey_3
D:9:      layout_irregular_city, grunt_lair_entry_orc_guard_hut
Temple:   regret_index_temple_waves
Lair:1:   layout_gridlike
Lair:2:   layout_regular_city, grunt_megastairs_5

Skill      XL: |  1  2  3  4  5  6  7  8  9 10 11 |
---------------+----------------------------------+-----
Dodging        | 3 4 5 6 7 8 |  8.8
Maces & Flails | 4 5 |  5.1
Fighting       | 4 5 7 8 9 |  9.5
Axes           | 1 2 4 6 8 10 11 | 11.8
Throwing       | 1 2 3 |  3.4
Stealth        | 1 2 4 5 |  5.6

Action                     |  1- 3 |  4- 6 |  7- 9 | 10-12 || total
---------------------------+-------+-------+-------+-------++-------
  Melee: Mace              |   107 |    29 |       |       ||   136
         Tailslap          |     9 |     9 |    27 |    40 ||    85
         Headbutt          |     9 |    15 |    32 |    58 ||   114
         Kick              |    12 |    16 |    53 |    96 ||   177
         Hand axe          |       |    56 |   151 |   247 ||   454
  Throw: Dart              |     2 |     8 |     9 |     5 ||    24
 Invoke: Berserk           |     1 |       |     1 |       ||     2
         Trog's Hand       |       |       |     1 |       ||     1
         Brothers in Arms  |       |       |       |     1 ||     1
    Use: Potion            |     1 |       |       |     4 ||     5
         Scroll            |     1 |     3 |     2 |     2 ||     8
   Stab: Sleeping          |     1 |       |     2 |     2 ||     5
         Distracted        |       |       |       |     2 ||     2
 Armour: Skin              |   129 |    84 |    97 |   156 ||   466
  Dodge: Dodged            |   149 |    87 |   114 |   166 ||   516

Table legend: (Time is in decaauts)
 A = Elapsed time spent in this place.
 B = Non-inter-level travel time spent in this place.
 C = Inter-level travel time spent in this place.
 D = Time resting spent in this place.
 E = Time spent auto-exploring this place.
 F = Levels seen in this place.
 G = Mean time per level.
                   A        B        C        D        E       F      G
               +--------+--------+--------+--------+--------+-----+--------+
         Total |  10385 |   9828 |    557 |    620 |   4923 |  12 |  865.4 |
       Dungeon |   8997 |   8522 |    475 |    496 |   4311 |   9 |  999.7 |
        Temple |     34 |     25 |      9 |      0 |      0 |   1 |   34.0 |
          Lair |   1353 |   1280 |     73 |    124 |    612 |   2 |  676.5 |
               +--------+--------+--------+--------+--------+-----+--------+

Top non-repeatable levels by time:
     D:9: 1358 daAuts
  Lair:1: 1305 daAuts
     D:2: 1272 daAuts
     D:8: 1256 daAuts
     D:7: 1083 daAuts
     D:5: 1015 daAuts
     D:1: 868 daAuts
     D:6: 848 daAuts
     D:3: 710 daAuts
     D:4: 582 daAuts
  Lair:2: 48 daAuts
  Temple: 34 daAuts
